 Dungeon Crawl Stone Soup version 0.20.0-8-g6b59dc7 (webtiles) character file.

42 Ketharn the Sneak (level 3, 0/24 HPs)
             Began as a Vampire Earth Elementalist on May 30, 2017.
             Slain by a gnoll
             ... wielding a +0 spear
              (1 damage)
             ... on level 2 of the Dungeon.
             The game lasted 00:05:01 (1171 turns).

Ketharn the Sneak (Vampire Earth Elementalist)      Turns: 1171, Time: 00:05:02

Health: 0/24       AC:  2    Str:  7    XL:     3   Next: 33%
Magic:  0/6        EV: 13    Int: 18    God:
Gold:   73         SH:  0    Dex: 14    Spells: 5/6 levels left

rFire    . . .     SeeInvis +   n - +2 short sword (elec)
rCold    + . .     Gourm    .   (no shield)
rNeg     + + .     Faith    .   c - +0 robe
rPois    +         Spirit   .   (no helmet)
rElec    .         Reflect  .   (no cloak)
rCorr    .         Harm     .   (no gloves)
MR       .....                  (no boots)
Stlth    +++.......             (no amulet)
Regen    0.1/turn               (no ring)
MPRegen  0.1/turn               (no ring)

@: regenerating slowly
A: fangs 3, see invisible, unbreathing
a: Bat Form


You were on level 2 of the Dungeon.
You were thirsty.

You visited 1 branch of the dungeon, and saw 2 of its levels.

You collected 73 gold pieces.

Inventory:

Hand Weapons
 n - a +2 short sword of electrocution (weapon)
Missiles
 b - 22 stones (quivered)
Armour
 c - a +0 robe (worn)
Jewellery
 h - an uncursed ring of fire {unknown}
 p - an uncursed amulet of faith {unknown}
Scrolls
 i - a scroll of identify
 j - 2 scrolls of fog
 k - a scroll of recharging {unknown}
 q - a scroll of magic mapping {unknown}
Potions
 a - a potion of magic {unknown}
 d - 7 potions of blood
 f - 2 potions of heal wounds
 g - a potion of flight {unknown}
 l - a potion of ambrosia {unknown}
 m - a potion of resistance {unknown}
 o - a potion of haste {unknown}
Books
 e - a book of Geomancy

   Spells                             Type                      Level
   a - Sandblast                      Earth                        1
   b - Passwall                       Transmutation/Earth          2
   c - Stone Arrow                    Conjuration/Earth            3
   d - Petrify                        Transmutation/Earth          4
   e - Lee's Rapid Deconstruction     Earth                        5


   Skills:
 + Level 0.9 Short Blades
 + Level 0.1 Throwing
 + Level 2.5 Dodging
 + Level 3.8 Stealth
 + Level 2.2 Spellcasting
   Level 1.1 Transmutations
 + Level 3.5 Earth Magic


You had 5 spell levels left.
You knew the following spells:

 Your Spells              Type           Power        Failure   Level  Hunger
a - Sandblast             Erth           ##....       4%          1    #......


Dungeon Overview and Level Annotations

Branches:
Dungeon (2/15)

Altars:


Innate Abilities, Weirdness & Mutations

You heal slowly.
You have razor-sharp teeth.
You have supernaturally acute eyesight. (SInv)
You can survive without breathing.


Message History

Casting: Sandblast
Confirm with . or Enter, or press ? or * to list all spells.
Aiming: Sandblast
Press: ? - help, Shift-Dir - straight line, f/p - gnoll
Aim: a gnoll, wielding a spear (heavily wounded)
The blast of sand hits the gnoll.
You kill the gnoll!
b - 22 stones The gnoll closely misses you.
You hit the gnoll but do no damage. The gnoll barely misses you.
The gnoll hits you with a club.
You barely miss the gnoll. The gnoll closely misses you.
The gnoll barely misses you.
The gnoll hits you from afar with a spear!
A kobold comes into view. It is wielding a dagger.
The kobold shouts!
You hit the gnoll but do no damage. The gnoll hits you with a club!
* * * LOW HITPOINT WARNING * * *
The gnoll hits you from afar with a spear.
You die...

.## .#
..... .K#.
... ..# #
g)####.
#.##g......
#..@g......
#####.....)
#####


You could see 3 gnolls and a kobold.

Vanquished Creatures
  A gnoll (D:2)
  2 leopard geckos (D:1)
  3 giant cockroaches
  2 hobgoblins (D:1)
  3 jackals (D:1)
  3 kobolds
  5 bats (D:1)
  A frilled lizard (D:1)
  3 goblins (D:1)
  3 rats (D:1)
  2 plants (D:1)
28 creatures vanquished.

Notes
Turn   | Place    | Note
-------+----------+-------------------------------------------
     0 | D:1      | Ketharn the Vampire Earth Elementalist began the quest for the Orb.
     0 | D:1      | Reached XP level 1. HP: 13/13 MP: 3/3
   239 | D:1      | Reached XP level 2. HP: 19/19 MP: 3/5
  1053 | D:1      | Reached XP level 3. HP: 24/24 MP: 6/6
  1171 | D:2      | HP: 1/24 [gnoll/club (10)]
  1171 | D:2      | Slain by a gnoll

Action                   || total
-------------------------++-------
Melee: Short sword       ||    50
       Bite              ||     4
Throw: Stone             ||    15
 Cast: Sandblast         ||    19
  Use: Scroll            ||     3
 Stab: Sleeping          ||     2
Armor: Robe              ||    11
Dodge: Dodged            ||    46
